 Dungeon Crawl Stone Soup version 0.18.1-48-g4cf74bf (console) character file.

2989 Kloppie the Basher (level 10, -3/120 HPs)
             Began as a Human Berserker on June 29, 2016.
             Was an Elder of Trog.
             Slain by a yak (7 damage)
             ... on level 6 of the Dungeon.
             The game lasted 00:09:47 (7489 turns).

Kloppie the Basher (Human Berserker)                Turns: 7489, Time: 00:09:48

Health: -3/120     AC:  7    Str: 22    XL:     10   Next: 9%
Magic:  10/10      EV: 12    Int:  9    God:    Trog [****..]
Gold:   361        SH:  0    Dex: 15    Spells: 0 memorised, 9 levels left

rFire  . . .     SeeInvis +     a - +1 flail
rCold  . . .     Gourm    .     g - +1 ring mail
rNeg   + . .     Faith    .     (no shield)
rPois  .         Spirit   .     (no helmet)
rElec  .         Dismiss  .     (no cloak)
rCorr  .         Reflect  .     (no gloves)
SustAt .         Harm     .     (no boots)
MR     ++...                    (no amulet)
Stlth  ..........               n - ring of positive energy
                                h - ring of see invisible

@: mighty, berserking, regenerating, very quick, very resistant to hostile
enchantments, extremely unstealthy
A: no striking features
a: Berserk, Trog's Hand, Brothers in Arms, Burn Spellbooks, Renounce Religion


You were on level 6 of the Dungeon.
You worshipped Trog.
Trog was greatly pleased with you.
You were hungry.

You visited 1 branch of the dungeon, and saw 6 of its levels.

You collected 361 gold pieces.

Inventory:

Hand Weapons
 a - a +1 flail (weapon)
 p - a +0 mace
 q - a +0 dire flail of protection
Armour
 g - a +1 ring mail (worn)
Jewellery
 h - a ring of see invisible (left hand)
 n - a ring of positive energy (right hand)
Wands
 r - a wand of iceblast (11/15)
 t - a wand of iceblast (7/15)
Scrolls
 b - a scroll of recharging
 d - a scroll of enchant armour
 e - 4 scrolls of remove curse
 l - 2 scrolls of magic mapping
 m - 2 scrolls of enchant weapon
Potions
 j - a potion of might
 o - 2 potions of brilliance {unknown}
 s - a potion of cure mutation {unknown}
 v - a potion of berserk rage {unknown}
Comestibles
 c - 3 bread rations
 f - a meat ration
 k - a chunk of flesh


   Skills:
 + Level 8.2 Fighting
 + Level 8.2 Maces & Flails
 + Level 8.1 Armour
 - Level 2.0 Dodging


You had 9 spell levels left.
You didn't know any spells.

Dungeon Overview and Level Annotations

Branches:
Dungeon (6/15)             Temple (0/1) D:6

Altars:
Kikubaaqudgha
Makhleb
Ru
Sif Muna
Xom
Yredelemnul

Annotations:
D:2 Natasha


Message History

You feel better. The yak gores you but does no damage.
A red film seems to cover your vision as you go berserk!
You feel yourself moving faster!
You feel mighty!
You feel somewhat more hungry. The yak gores you.
* * * LOW HITPOINT WARNING * * *
You barely miss the yak.
The yak is moderately wounded.
The yak gores you.
* * * LOW HITPOINT WARNING * * *
You thump the yak!
The yak is severely wounded.
You hit the yak but do no damage.
The yak is severely wounded.
The yak gores you!
* * * LOW HITPOINT WARNING * * *
You bludgeon the yak!!
You kill the yak!
Trog accepts your kill. The yak gores you!
You die...

#...##.##.#####..###.........##..
#...#.........................'..
#'#####...........##.........##..
....###.........#.##.........##..
⌠.⌠.#...........#..######.#######
.>..'.###.########.######.#######
⌠.⌠.### #.# #Yo...............
....# #.# #Y##.#####.######.
#'#######.# #@##..............
..........# #.##Y.#...........
##........# #.##..#.##.#######
#.......#.# #.###Y#.##.#
##.####.#'######.# #o#.##.. ##.#
#..........# #YYo##.. ##.#
#..........# #...YYY... ...#
#..........# #...##Y...
#######..........# #.... ...


You could see 2 yaks and an orc.

Vanquished Creatures
  A hill giant (D:6)
  The ghost of loom the Cudgeler, an amateur MiFi (D:4)
  A two-headed ogre (D:5)
  3 yaks (D:6)
  Edmund (D:6)
  A sky beast (D:6)
  A phantom (D:6)
  An orc warrior (D:6)
  A necrophage (D:5)
  2 ogres (D:4)
  A giant frog (D:6)
  2 howler monkeys (D:4)
  A crimson imp (D:5)
  5 hounds
  2 jellies (D:6)
  7 orc priests
  2 giant frog skeletons
  2 orc wizards
  2 centaur skeletons
  Natasha (D:2)
  An iguana (D:6)
  4 worker ants
  A hound skeleton (D:5)
  6 adders
  2 oozes
  6 worms
  A dart slug (D:2)
  A giant gecko (D:5)
  19 orcs
  A ball python (D:1)
  9 bats
  6 giant cockroaches
  7 hobgoblins
  3 jackals (D:1)
  13 kobolds
  2 quokkas
  8 giant newts
  8 goblins
  A jackal skeleton (D:5)
  7 rats
144 creatures vanquished.

Vanquished Creatures (others)
  A centaur (D:5)
  A howler monkey (D:5)
  A worker ant (D:5)
  A jackal (D:5)
4 creatures vanquished.

Grand Total: 148 creatures vanquished

Notes
Turn   | Place    | Note
--------------------------------------------------------------
     0 | D:1      | Kloppie the Human Berserker began the quest for the Orb.
     0 | D:1      | Reached XP level 1. HP: 18/18 MP: 1/1
   191 | D:1      | Reached XP level 2. HP: 19/24 MP: 2/2
   688 | D:1      | Reached XP level 3. HP: 29/29 MP: 3/3
  1130 | D:1      | Reached ** piety under Trog
  1262 | D:2      | Noticed Natasha
  1269 | D:2      | Killed Natasha
  1269 | D:2      | Reached XP level 4. HP: 20/36 MP: 4/4
  1524 | D:2      | Noticed Natasha
  1910 | D:2      | Reached XP level 5. HP: 35/42 MP: 5/5
  2075 | D:2      | Found a burning altar of Makhleb.
  2475 | D:3      | Reached *** piety under Trog
  2703 | D:3      | Found a sacrificial altar of Ru.
  2705 | D:3      | Found a basalt altar of Yredelemnul.
  2930 | D:3      | Reached XP level 6. HP: 18/48 MP: 6/6
  3289 | D:3      | Found a burning altar of Makhleb.
  3782 | D:3      | Reached XP level 7. HP: 55/55 MP: 7/7
  3854 | D:4      | Reached skill level 5 in Maces & Flails
  4122 | D:4      | Reached skill level 5 in Fighting
  4201 | D:4      | Noticed loom's ghost (amateur MiFi)
  4217 | D:4      | Killed loom's ghost
  4217 | D:4      | Reached skill level 5 in Armour
  4217 | D:4      | Reached XP level 8. HP: 50/63 MP: 8/8
  4882 | D:5      | Entered Level 5 of the Dungeon
  4994 | D:5      | Found a shimmering altar of Xom.
  5445 | D:5      | Noticed a two-headed ogre
  5452 | D:5      | Killed a two-headed ogre
  5819 | D:5      | Found a deep blue altar of Sif Muna.
  5901 | D:6      | Reached XP level 9. HP: 56/70 MP: 9/9
  5973 | D:6      | Found an ancient bone altar of Kikubaaqudgha.
  6505 | D:6      | Reached **** piety under Trog
  6561 | D:6      | Noticed a hill giant
  6569 | D:6      | Killed a hill giant
  7242 | D:6      | Noticed Edmund
  7256 | D:6      | Killed Edmund
  7332 | D:6      | Found a staircase to the Ecumenical Temple.
  7477 | D:6      | Reached XP level 10. HP: 26/79 MP: 10/10
  7482 | D:6      | HP: 2/80 [yak (14)]
  7487 | D:6      | HP: 2/120 [yak (12)]
  7489 | D:6      | Slain by a yak

Skill      XL: |  1  2  3  4  5  6  7  8  9 |
---------------+----------------------------+-----
Armour         | 3 4 5 6 8 |  8.1
Maces & Flails | 4 5 6 8 |  8.2
Fighting       | 4 5 6 8 |  8.2
Dodging        | |  2.0

Action                   |  1- 3 |  4- 6 |  7- 9 | 10-12 || total
-------------------------+-------+-------+-------+-------++-------
Melee: Mace              |   100 |   122 |       |       ||   222
       Flail             |       |    78 |   320 |     8 ||   406
Invok: Trog's Hand       |     1 |       |     4 |       ||     5
       Berserk           |       |     4 |     9 |     1 ||    14
Evoke: Wand              |       |       |     1 |       ||     1
  Use: Scroll            |       |       |     7 |       ||     7
       Potion            |       |       |     1 |     2 ||     3
  Eat: Chunk             |     1 |    11 |    18 |       ||    30
       Meat ration       |       |       |     1 |       ||     1
Armor: Animal skin       |    16 |       |       |       ||    16
       Ring mail         |    22 |    55 |    91 |     1 ||   169
Dodge: Dodged            |    93 |   122 |   161 |     1 ||   377
